 Dungeon Crawl Stone Soup version 0.19.1-1-g22dce08 (webtiles) character file.

74 esteth the Slasher (level 4, 0/39 HPs)
             Began as a Minotaur Fighter on Jan 10, 2017.
             Succumbed to an adder's poison
             ... on level 2 of the Dungeon.
             The game lasted 00:03:22 (1362 turns).

esteth the Slasher (Minotaur Fighter)               Turns: 1362, Time: 00:03:23

Health: 0/39       AC:  9    Str: 21    XL:     4   Next: 10%
Magic:  3/3        EV:  5    Int:  5    God:
Gold:   109        SH:  9    Dex: 10    Spells: 0 memorised, 3 levels left

rFire  . . .     SeeInvis .     a - +0 long sword
rCold  . . .     Gourm    .     o - +0 chain mail
rNeg   . . .     Faith    .     c - +0 shield
rPois  .         Spirit   .     (helmet restricted)
rElec  .         Reflect  .     (no cloak)
rCorr  .         Harm     .     (no gloves)
MR     .....                    (no boots)
Stlth  ..........               (no amulet)
                                (no ring)
                                (no ring)

@: lethally poisoned (0 -> -3)
A: retaliatory headbutt, horns 2
a: no special abilities


You were on level 2 of the Dungeon.
You were not hungry.

You visited 1 branch of the dungeon, and saw 3 of its levels.

You collected 109 gold pieces.

Inventory:

Hand Weapons
 a - a +0 long sword (weapon)
Armour
 b - a +0 scale mail
 c - a +0 shield (worn)
 o - a +0 chain mail (worn)
Rods
 n - a +0 rod of shadows (10/10)
   (You found it on level 2 of the Dungeon)
Scrolls
 e - 2 scrolls of remove curse {unknown}
 g - 2 scrolls of magic mapping {unknown}
 i - 3 scrolls of blinking {unknown}
 j - a scroll of amnesia {unknown}
 k - 3 scrolls of identify {unknown}
 s - a scroll of fog {unknown}
 t - a scroll of teleportation {unknown}
Potions
 d - 2 potions of might
 q - a potion of magic {unknown}
Comestibles
 f - 2 bread rations {@e1}
 l - a royal jelly
 m - a meat ration {@e2}
 p - a slice of pizza
 r - a beef jerky


   Skills:
 - Level 3.6 Fighting
 + Level 5.3 Long Blades
 - Level 3.6 Armour
 - Level 3.6 Shields


You had 3 spell levels left.
You didn't know any spells.

Dungeon Overview and Level Annotations

Branches:
Dungeon (3/15)

Altars:

Annotations:
D:3 nikopol's ghost, amateur GrBe


Innate Abilities, Weirdness & Mutations

You reflexively headbutt those who attack you in melee.
You have a pair of horns on your head.


Message History

Found a scroll labeled WACISOTUFUH.
Nikopol's ghost hits you.
* * * LOW HITPOINT WARNING * * *
The adder bites you but does no damage.
Okay, then.
An adder and a goblin come into view.
You feel sick.
The adder hisses angrily.
You block nikopol's ghost's attack.
There is a stone staircase leading up here.
The adder bites you but does no damage. The leopard gecko barely misses you.
You furiously retaliate!
You headbutt the leopard gecko.
You riposte.
Your shield and chain mail prevent you from hitting the leopard gecko.
Your headbutt misses the leopard gecko.
The leopard gecko is heavily wounded.
Nikopol's ghost hits you!
* * * LOW HITPOINT WARNING * * *
You block the adder's attack.
You climb upwards.
You die...

#..........#
#..........#
#..........#
#..........#
#..........#
###....######
#...#.##
####.###.######
#........S@l..#
##.##..........#
####..............#
##.....#.....(..[..#
#..................#
##.......#..<.......#
.........#####.######
#........# #.#
.........# #>#


You could see an adder and a leopard gecko.

Vanquished Creatures
  An adder (D:2)
  2 worms (D:2)
  2 dart slugs (D:1)
  A leopard gecko (D:1)
  4 ball pythons
  8 bats
  2 giant cockroaches
  8 goblins
  5 hobgoblins
  4 jackals (D:2)
  2 frilled lizards (D:1)
  6 kobolds
  7 rats
52 creatures vanquished.

Notes
Turn   | Place    | Note
-------+----------+-------------------------------------------
     0 | D:1      | esteth the Minotaur Fighter began the quest for the Orb.
     0 | D:1      | Reached XP level 1. HP: 19/19 MP: 0/0
    23 | D:1      | Reached skill level 3 in Long Blades
    75 | D:1      | Reached XP level 2. HP: 25/26 MP: 1/1
   290 | D:1      | Reached skill level 4 in Long Blades
   725 | D:2      | Reached XP level 3. HP: 31/31 MP: 2/2
  1033 | D:2      | Reached skill level 5 in Long Blades
  1209 | D:2      | Reached XP level 4. HP: 36/39 MP: 3/3
  1353 | D:3      | Noticed nikopol's ghost (amateur GrBe)
  1361 | D:3      | HP: 1/39 [nikopol's ghost (8)]
  1362 | D:2      | Succumbed to an adder's poison

Skill      XL: |  1  2  3 |
---------------+----------+-----
Long Blades    | 3 4 5 |  5.3
Fighting       | |  3.6
Armour         | |  3.6
Shields        | |  3.6

Action                   |  1- 3 |  4- 6 || total
-------------------------+-------+-------++-------
Melee: Long sword        |   108 |    21 ||   129
       Headbutt          |    12 |     3 ||    15
  Eat: Chunk             |     1 |     1 ||     2
Armor: Scale mail        |    32 |       ||    32
       Chain mail        |    10 |    28 ||    38
Dodge: Dodged            |    40 |    10 ||    50
Block: Shield            |    57 |    21 ||    78
       Rpst.: Long sword |     6 |     2 ||     8
